Map: Abiogenesis LE

Players

iMaGiNe - Winner!

  • Race: Zerg Zerg
  • League: Master
  • Spawn Location: 5:00

meeK

  • Race: Protoss Protoss
  • League: Grandmaster
  • Spawn Location: 11:00

VOD

Have the link to the VOD?

Description

Time

  • Played on: March 7, 2018, 12:54 a.m.
  • Length: 4:38
Show
View Real Time Build Order
Export as new Build Order

iMaGiNe Zerg - Winner!

Build Orders: Hatch First 

Get SALT Encoding   

  12  0:00  Drone  
  13  0:13  Overlord  
  13  0:18  Drone  
  14  0:32  Drone x2  
  16  0:35  Drone  
  17  0:54  Hatchery  
  17  1:04  Spawning Pool  
  17  1:08  Extractor  
  17  1:09  Drone x2  
  17  1:25  Hatchery  
  17  1:32  Drone  
  17  1:33  Drone  
  18  1:40  Overlord  
  18  1:55  Spine Crawler  
  18  1:59  Spine Crawler  
  16  2:09  Drone  
  16  2:10  Spine Crawler  
  16  2:20  Metabolic Boost  
  16  2:35  Queen  
  19  2:37  Queen  
  19  2:41  Drone  
  22  2:49  Zergling x2  
  23  2:55  Spine Crawler  
  22  3:00  Zergling x2  
  23  3:11  Zergling x2  
  23  3:26  Zergling x2  
  23  3:28  Zergling x6  
  23  3:34  Zergling x2  
  25  3:39  Zergling x2  
  26  3:45  Zergling x2  
  25  3:56  Zergling x2  
  25  3:57  Zergling x2, Queen  
  25  4:00  Zergling x4  
  29  4:12  Zergling x8  
  29  4:16  Zergling x2  
  32  4:21  Zergling x2  
Show
View Real Time Build Order
Export as new Build Order

meeK Protoss 

Build Orders: 1 Gate Expand 

Get SALT Encoding   

  12  0:01  Probe  
  13  0:14  Probe  
  14  0:26  Probe  
  15  0:33  Pylon  
  15  0:53  Gateway  
  15  0:55  Gateway  
  15  1:00  Gateway  
  15  1:10  Gateway  
  15  1:14  Probe (Chrono Boost)  
  17  1:26  Probe (Chrono Boost)  
  17  1:32  Nexus  
  17  1:35  Pylon  
  17  1:40  Zealot (Chrono Boost)  
  17  1:46  Pylon  
  19  1:55  Cybernetics Core  
  19  2:05  Gateway  
  19  2:16  Gateway  
  19  2:21  Zealot (Chrono Boost)  
  21  2:34  Pylon  
  21  2:36  Assimilator, Probe  
  22  2:49  Probe (Chrono Boost)  
  24  2:53  Assimilator  
  24  2:55  Probe (Chrono Boost)  
  24  3:01  Probe (Chrono Boost)  
  26  3:29  Zealot (Chrono Boost)  
  26  3:39  Zealot (Chrono Boost)  
  28  3:54  Probe x2  
  32  4:04  Zealot (Chrono Boost)  
  32  4:07  Zealot (Chrono Boost)  
Tags
 
Add a new tag
Caveats
  • Supply blocks, unpowered buildings, or Contaminate may cause inaccurate times.
  • Supply counts are checked every 10 seconds.